 Dungeon Crawl Stone Soup version 0.22-a0-614-g34fbaa0 (console) character file.

250582 Hector the Thaumaturge (level 20, -6/156 HPs)
             Began as a Gnoll Wizard on Oct 29, 2017.
             Was the Champion of Vehumet.
             Mangled by a spatial maelstrom (11 damage)
             ... on level 3 of the Abyss on July 18, 2018.
             The game lasted 06:43:51 (62494 turns).

Hector the Thaumaturge (Gnoll Wizard)              Turns: 62494, Time: 06:43:51

Health: -6/156     AC: 20    Str: 21    XL:     20   Next: 7%
Magic:  44/47      EV: 20    Int: 29    God:    Vehumet [******]
Gold:   2353       SH: 16    Dex: 20    Spells: 6/47 levels left

rFire    + . .     SeeInvis +   a - +0 war axe (vamp)
rCold    + + +     Gourm    +   i - +2 shield
rNeg     . . .     Faith    .   d - +1 ice dragon scales of Uskayaw's Envy {rF- rC++ Int+3}
rPois    +         Spirit   .   h - +0 hat
rElec    .         Reflect  .   e - +0 cloak of Foolhardiness {Str+3 Dex+3}
rCorr    .         Harm     .   g - +1 pair of gloves {Dex+3}
MR       +....     Rnd*Rage +   f - +2 pair of boots
Stlth    +++.......             G - amulet of the gourmand
HPRegen  0.36/turn              K - ring of Wogeilen {rC+ MP+9 Str+5 SInv}
MPRegen  0.30/turn              F - ring of Zilig {+Fly rF+ Stlth-}

@: hasted, drained, very quick
A: distributed training, fangs 1, slimy green scales 1, see invisible, berserk
1, deformed body, fire resistance 1, poison resistance, evolution 1, MP-powered
wands, sturdy frame 1, strong nose
}: 1/15 runes: serpentine
a: Renounce Religion, Evoke Flight


You were on level 3 of the Abyss.
You worshipped Vehumet.
Vehumet was exalted by your worship.
You were completely stuffed.

You visited 6 branches of the dungeon, and saw 33 of its levels.
You visited the Abyss 1 time.
You also visited: Labyrinth, Ice Cave and Volcano.

You collected 3196 gold pieces.
You spent 843 gold pieces at shops.

Inventory:

Hand Weapons
 a - a +0 vampiric war axe (weapon)
 b - a +4 scimitar of flaming
 c - a +0 broad axe
 o - the +8 trident "Zivaa" {vamp, rF+}
   (You found it on level 1 of the Snake Pit)

   It inflicts no extra harm, but heals its wielder when it wounds a living foe.
   It protects you from fire.
 C - a +1 vampiric battleaxe
 P - a +2 war axe of chopping
Missiles
 r - 43 tomahawks (quivered)
 H - 208 bolts
Armour
 d - the +1 ice dragon scales of Uskayaw's Envy (worn) {rF- rC++ Int+3}
   (You found it in an ice cave)

   It affects your intelligence (+3).
   It makes you vulnerable to fire.
   It greatly protects you from cold.
 e - the +0 cloak of Foolhardiness (worn) {Str+3 Dex+3}
   (You found it on level 1 of the Lair of Beasts)

   It affects your strength (+3).
   It affects your dexterity (+3).
 f - a +2 pair of boots (worn)
 g - a +1 pair of gloves of dexterity (worn)
 h - a +0 hat (worn)
 i - a +2 shield (worn)
 S - a +2 robe of fire resistance
 V - a +2 plate armour of magic resistance
Jewellery
 q - a +6 ring of strength
 w - an uncursed ring of wizardry
 F - the ring of Zilig (right hand) {+Fly rF+ Stlth-}
   (You took it off a naga mage on level 4 of the Snake Pit)

   [ring of loudness]

   It protects you from fire.
   It lets you fly.
   It makes you less stealthy.
 G - an amulet of the gourmand (around neck)
 K - the ring of Wogeilen (left hand) {rC+ MP+9 Str+5 SInv}
   (You found it on level 6 of the Lair of Beasts)

   [ring of magical power]

   It affects your strength (+5).
   It protects you from cold.
   It affects your magic capacity (+9).
   It lets you see invisible.
 M - an uncursed amulet of magic regeneration
Wands
 j - a wand of acid (7)
 m - a wand of flame (47)
 J - a wand of clouds (5)
 L - a wand of digging (40)
 Y - a wand of iceblast (9)
Scrolls
 l - 9 scrolls of remove curse
 x - 3 scrolls of magic mapping
 y - 6 scrolls of teleportation
 O - 7 scrolls of identify
 Q - a scroll of amnesia
 U - a scroll of fear
Potions
 k - 2 potions of brilliance
 p - 2 potions of resistance
 s - 2 potions of ambrosia
 t - 5 potions of haste
 u - 2 potions of invisibility
 v - 2 potions of magic
 z - 2 potions of agility
 A - a potion of might
 B - a potion of heal wounds
 E - 7 potions of curing
 I - 8 potions of flight
 T - 5 potions of berserk rage
Miscellaneous
 D - a phial of floods
 R - 3 boxes of beasts
Comestibles
 n - 38 rations
 N - 10 chunks of flesh


   Skills:
 + Level 13.0(12.6) Fighting
 + Level 13.0(12.6) Short Blades
 + Level 13.0(12.6) Long Blades
 + Level 13.0(12.6) Axes
 + Level 13.0(12.6) Maces & Flails
 + Level 13.0(12.6) Polearms
 + Level 13.0(12.6) Staves
 + Level 13.0(12.6) Slings
 + Level 13.0(12.6) Bows
 + Level 13.0(12.6) Crossbows
 + Level 13.0(12.6) Throwing
 + Level 13.0(12.6) Armour
 + Level 13.6(13.3) Dodging
 + Level 13.5(13.2) Stealth
 + Level 13.0(12.6) Shields
 + Level 13.0(12.6) Unarmed Combat
 + Level 14.4(14.1) Spellcasting
 + Level 11.3(11.0) Conjurations
 + Level 11.1(10.8) Hexes
 + Level 11.1(10.8) Charms
 + Level 11.3(11.0) Summonings
 + Level 11.1(10.8) Necromancy
 + Level 11.3(11.0) Translocations
 + Level 11.1(10.8) Transmutations
 + Level 11.1(10.8) Fire Magic
 + Level 11.1(10.8) Ice Magic
 + Level 11.1(10.8) Air Magic
 + Level 11.1(10.8) Earth Magic
 + Level 11.1(10.8) Poison Magic
 + Level 14.0(13.6) Invocations
 + Level 13.0(12.6) Evocations


You had 6 spell levels left.
You knew the following spells:

 Your Spells              Type           Power        Failure   Level  Hunger
a - Stone Arrow           Conj/Erth      ######       1%          3    None
b - Fireball              Conj/Fire      ######....   1%          5    None
c - Mephitic Cloud        Conj/Pois/Air  ######..     1%          3    None
d - Tukima's Dance        Hex            ######..     1%          3    None
f - Conjure Flame         Conj/Fire      ######..     1%          3    None
i - Call Imp              Summ           ######..     1%          2    None
l - Lightning Bolt        Conj/Air       ######....   1%          5    None
s - Iskenderun's Battles  Conj/Chrm      ######..     1%          5    None
z - Shock                 Conj/Air       ####         1%          1    None
B - Blink                 Tloc           N/A          1%          2    None
C - Confuse               Hex            ######..     1%          3    None
F - Freezing Cloud        Conj/Ice/Air   ######....   3%          6    ####...

Your spell library contained the following spells:

 Spells                   Type           Power        Failure   Level  Hunger
 Magic Dart               Conj           ####         1%          1    None
 Apportation              Tloc           ######       1%          1    None
 Bolt of Magma            Conj/Fire/Erth ######....   1%          5    None
 Slow                     Hex            ######..     1%          2    None
 Throw Frost              Conj/Ice       ######       1%          2    None
 Ring of Flames           Chrm/Fire      ######....   52%         7    #####..
 Venom Bolt               Conj/Pois      ######....   1%          5    None
 Olgreb's Toxic Radiance  Pois           ######..     1%          4    None
 Summon Small Mammal      Summ           ####         1%          1    None
 Iskenderun's Mystic Bla  Conj           ######..     1%          4    None
 Animate Skeleton         Necr           N/A          1%          1    None
 Freeze                   Ice            ####         1%          1    None
 Sticky Flame             Conj/Fire      ######..     1%          4    None
 Summon Ice Beast         Ice/Summ       ######..     1%          4    None
 Ozocubu's Armour         Chrm/Ice       ######..     1%          3    None
 Regeneration             Chrm/Necr      ######....   1%          3    None
 Sting                    Conj/Pois      ####         1%          1    None
 Iron Shot                Conj/Erth      ######....   3%          6    ####...
 Statue Form              Tmut/Erth      ######...    11%         6    ####...
 Dragon Form              Tmut           ######....   52%         7    #####..
 Throw Icicle             Conj/Ice       ######..     1%          4    None
 Confusing Touch          Hex            ######       1%          1    None
 Flame Tongue             Conj/Fire      #####        1%          1    None
 Call Canine Familiar     Summ           ######..     1%          3    None
 Ensorcelled Hibernation  Hex/Ice        ######       1%          2    None
 Corona                   Hex            ######.      1%          1    None
 Orb of Destruction       Conj           ######....   16%         7    #####..
 Shroud of Golubria       Chrm/Tloc      ######....   1%          2    None
 Fulminant Prism          Conj/Hex       ######....   1%          4    None
 Dazzling Spray           Conj/Hex       ######       1%          3    None
 Force Lance              Conj/Tloc      ######..     1%          4    None
 Infusion                 Chrm           ####         1%          1    None
 Song of Slaying          Chrm           ######..     1%          2    None
 Spectral Weapon          Hex/Chrm       ######..     1%          3    None
 Searing Ray              Conj           ######       1%          2    None
 Summon Lightning Spire   Summ/Air       ######..     1%          4    None
 Summon Guardian Golem    Hex/Summ       ######..     1%          3    None
 Spellforged Servitor     Conj/Summ      ######....   16%         7    #####..
 Hydra Form               Tmut           ######....   11%         6    ####...
 Irradiate                Conj/Tmut      ######....   1%          5    None
 Poisonous Vapours        Pois/Air       ######       1%          2    None


Dungeon Overview and Level Annotations

Branches:
Dungeon (15/15)            Temple (0/1) D:6            Lair (6/6) D:10
  Swamp (4/4) Lair:4        Snake (4/4) Lair:3        Slime (0/5) Lair:6
    Orc (2/2) D:9             Elf (0/3) Orc:2        Vaults (2/5) D:14
 Depths (0/5) D:15
  Crypt: Vaults:2-3

Altars:
Dithmenos
Elyvilon
Gozag
Kikubaaqudgha
Okawaru
Sif Muna
Trog
Vehumet
Wu Jian
Xom
Zin
The Shining One
Jiyva

Shops:
D:6 ?   D:8 (   D:10 [}*=*   D:11 [   D:14 *   Orc:2 %=(**[=(   Snake:3 *
Snake:4 %=}}

Portals:
Bazaar: Orc:2

Annotations:
D:11 2 runed doors, exclusion: orange crystal statue
Swamp:3 Mara


Innate Abilities, Weirdness & Mutations

Your experience applies equally to all skills.
You have very sharp teeth.
Your uncanny sense of smell can sniff out nearby items.
You are partially covered in slimy green scales. (AC +2)
You have supernaturally acute eyesight. (SInv)
You tend to lose your temper in combat.
Armour fits poorly on your strangely shaped body.
Your flesh is heat resistant. (rF+)
Your system is resistant to poisons. (rPois)
You evolve.
You expend magic power (3 MP) to strengthen your wands.
Your movements are slightly less encumbered by armour. (ER -2)


Message History

You block the spatial maelstrom's attack.
The raiju bursts into living lightning!
The living lightning hits the raiju.
The raiju completely resists.
The living lightning misses you. x2
The living lightning hits the spatial maelstrom.
The spatial maelstrom resists.
The raiju blinks!
Unknown command.
Unknown command.
Unknown command.
Unknown command.
Press: ? - help, v - describe, . - travel A rock wall, spattered with blood.
Evoke which item? (* to show all) (? for menu, Esc to quit)
Aiming: Dig
Press: ? - help, Shift-Dir - straight line A rock wall, spattered with blood.
The rock shatters into small pieces.
You feel a surge of power!
You block the spatial maelstrom's attack.
The spatial maelstrom hits you!
You die...

#.. ###.
. .#
#... ∆
#. ##§.)
#
#....h##
# ##..v#
##h.##
#v§##
#h)h##
#.v@.#
#.v.####
##. # ∆


You could see a spatial maelstrom, 2 spatial vortices and 3 raiju.

Vanquished Creatures
  Rupert (Lair:3)
  A sphinx (Vaults:1)
  A thorn hunter (Swamp:2)
  Agnes (D:15)
  A storm dragon (Vaults:1)
  A fire giant (Vaults:1)
  5 nagarajas (Snake:4)
  3 orc warlords
  6 vault wardens
  A frost giant (D:15)
  4 ironheart preservers
  A reaper (IceCv)
  3 entropy weavers
  5 very ugly things (Vaults:1)
  A deep elf demonologist (Vaults:1)
  2 stone giants
  A minotaur (shapeshifter) (Vaults:1)
  A dire elephant (shapeshifter) (Vaults:1)
  The ghost of doyalikewaff the Severer, a journeyman MiBe of Trog (IceCv)
  An ettin (Vaults:2)
  A deep elf death mage (Vaults:1)
  A minotaur (Lab)
  Josephine (D:11)
  3 yaktaur captains (Vaults:1)
  2 ogre magi
  A rakshasa (Vaults:1)
  13 naga warriors
  5 ice dragons
  8 hydras
  14 anacondas
  A merfolk avatar (Lair:6)
  16 vault guards
  Erica (Orc:1)
  7 alligators
  A death knight (Vaults:1)
  7 centaur warriors
  A deep troll earth mage (Vaults:1)
  11 two-headed ogres
  2 tengu warriors
  4 orc high priests (Orc:2)
  2 death yaks (Lair:6)
  11 naga sharpshooters
  8 shock serpents
  4 deep elf knights (Vaults:1)
  6 salamander mystics
  The ghost of marriedatthemol the Cleaver, a novice MiBe of Trog (D:5)
  A shadow wraith (Vaults:2)
  4 hell knights
  9 skeletal warriors
  An unseen horror (D:13)
  4 deep trolls (Vaults:2)
  A spatial maelstrom (Abyss:3)
  3 glowing orange brains
  7 ironbrand convokers
  4 swamp dragons
  3 naga ritualists
  A wizard (D:14)
  2 shambling mangroves (Swamp:1)
  4 lindwurms (Snake:4)
  4 deep elf archers (Vaults:1)
  A phantasmal warrior (Vaults:1)
  11 orc knights
  4 orc sorcerers
  A wolf spider (Vaults:1)
  9 deep elf magi
  A necromancer (Abyss:3)
  3 harpies (Lair:6)
  A manticore (Lair:6)
  10 salamanders
  10 mana vipers (Snake:4)
  13 ugly things
  10 elephants
  4 cyclopes
  7 guardian serpents
  Maurice (Orc:2)
  10 vault sentinels
  2 ice statues (IceCv)
  24 naga magi
  25 black mambas
  A torpor snail (Lair:6)
  2 molten gargoyles (Volcano)
  4 gargoyles
  12 spiny frogs
  6 rime drakes
  An efreet (Abyss:3)
  13 komodo dragons
  18 yaktaurs
  3 tengu conjurers
  7 trolls
  10 ice devils (IceCv)
  A jumping spider (Vaults:2)
  A queen bee (Lair:6)
  A queen bee (shapeshifter) (D:14)
  6 polar bears
  3 meliai (Lair:6)
  3 tyrant leeches
  A raiju (shapeshifter) (Vaults:1)
  9 hornets
  8 blink frogs
  A raiju (Abyss:3)
  17 hippogriffs
  27 slime creatures
  A bog body (Swamp:1)
  2 large abominations (Abyss:3)
  A stone giant simulacrum (Vaults:1)
  2 vampires
  Sigmund (D:5)
  A shadow (D:14)
  A spriggan (Swamp:3)
  6 wraiths
  6 wyverns
  3 redbacks
  8 fire bats
  27 yaks
  2 basilisks
  15 vampire mosquitoes
  5 hungry ghosts
  Menkaure (D:4)
  9 wargs
  3 soldier ants
  21 swamp worms
  An acid dragon (Vaults:1)
  Edmund (D:4)
  43 nagas
  2 hell hounds (D:10)
  15 water moccasins
  10 porcupines
  A black bear (shapeshifter) (Vaults:1)
  10 swamp drakes
  46 orc warriors
  An eye of draining (D:15)
  6 ice beasts
  A sky beast (D:10)
  14 ogres
  4 boggarts (D:14)
  A phantom (D:9)
  19 centaurs
  35 wolves
  A necrophage (D:9)
  6 crocodiles
  2 big kobolds (D:13)
  2 small abominations (Abyss:3)
  18 bullfrogs
  A gnoll sergeant (D:9)
  A wyvern zombie (D:13)
  2 scorpions
  7 wights
  14 killer bees (Lair:6)
  5 electric eels (Lair:4)
  4 howler monkeys
  2 centaur zombies
  7 lava snakes
  2 crimson imps
  A quasit (D:5)
  5 hounds
  31 orc priests
  35 orc wizards
  A jelly (D:12)
  2 bullfrog zombies (D:7)
  3 centaur skeletons
  3 bullfrog skeletons
  4 iguanas
  7 worker ants
  13 hell rats
  A hound skeleton (D:9)
  7 gnolls
  14 river rats (Lair:3)
  12 adders
  A howler monkey skeleton (D:8)
  4 shadow imps
  6 white imps
  6 ufetubi
  An ooze (D:3)
  An adder skeleton (D:9)
  A worm (D:2)
  3 dart slugs
  8 leopard geckos
  103 orcs
  4 giant cockroaches
  9 goblins
  11 hobgoblins
  5 jackals
  9 quokkas
  A ball python (D:5)
  7 bats
  4 frilled lizards
  23 kobolds
  22 rats
  A fire vortex (D:15)
1291 creatures vanquished.

Vanquished Creatures (collateral kills)
  A naga warrior (Snake:4)
  A tengu warrior (D:15)
  An orc knight (Orc:2)
  A water moccasin (Lair:1)
  A naga (Snake:4)
  A sky beast (D:6)
  An ice beast (D:6)
  A killer bee (Lair:6)
  2 gnolls (D:10)
  4 orcs
  A jackal (D:2)
15 creatures vanquished.

Vanquished Creatures (others)
  Aizul (Snake:4)
  An unseen horror (Vaults:1)
  A yaktaur (Vaults:2)
  3 dancing weapons
  2 yaks (Lair:4)
  A killer bee (Lair:6)
  7 white imps
  4 ufetubi (IceCv)
  2 bushes (Lair:6)
  17 fungi
  27 plants
66 creatures vanquished.

Grand Total: 1372 creatures vanquished

Notes
Turn   | Place    | Note
-------+----------+-------------------------------------------
     0 | D:1      | Hector the Gnoll Wizard began the quest for the Orb.
     0 | D:1      | Reached XP level 1. HP: 13/13 MP: 8/8
   291 | D:1      | Reached XP level 2. HP: 19/19 MP: 10/10
   389 | D:1      | Learned a level 2 spell: Blink
   392 | D:1      | Learned a level 2 spell: Call Imp
   778 | D:1      | Reached XP level 3. HP: 25/25 MP: 11/11
   831 | D:1      | Learned a level 3 spell: Mephitic Cloud
   835 | D:1      | Learned a level 3 spell: Conjure Flame
   902 | D:2      | Reached skill level 1 in Invocations
  1157 | D:2      | Reached skill level 1 in Fighting
  1157 | D:2      | Reached skill level 1 in Short Blades
  1157 | D:2      | Reached skill level 1 in Long Blades
  1157 | D:2      | Reached skill level 1 in Axes
  1157 | D:2      | Reached skill level 1 in Maces & Flails
  1157 | D:2      | Reached skill level 1 in Polearms
  1157 | D:2      | Reached skill level 1 in Staves
  1157 | D:2      | Reached skill level 1 in Slings
  1157 | D:2      | Reached skill level 1 in Bows
  1157 | D:2      | Reached skill level 1 in Crossbows
  1157 | D:2      | Reached skill level 1 in Throwing
  1157 | D:2      | Reached skill level 1 in Armour
  1157 | D:2      | Reached skill level 1 in Shields
  1157 | D:2      | Reached skill level 1 in Unarmed Combat
  1157 | D:2      | Reached skill level 1 in Evocations
  1224 | D:2      | Reached XP level 4. HP: 32/32 MP: 13/13
  1720 | D:2      | Reached skill level 1 in Hexes
  1720 | D:2      | Reached skill level 1 in Charms
  1720 | D:2      | Reached skill level 1 in Necromancy
  1720 | D:2      | Reached skill level 1 in Transmutations
  1720 | D:2      | Reached skill level 1 in Fire Magic
  1720 | D:2      | Reached skill level 1 in Ice Magic
  1720 | D:2      | Reached skill level 1 in Air Magic
  1720 | D:2      | Reached skill level 1 in Earth Magic
  1720 | D:2      | Reached skill level 1 in Poison Magic
  1798 | D:2      | Found a glowing golden altar of the Shining One.
  2218 | D:3      | Reached XP level 5. HP: 26/37 MP: 14/14
  2606 | D:3      | Found a white marble altar of Elyvilon.
  2606 | D:3      | Found a glowing silver altar of Zin.
  2757 | D:3      | Found a bloodstained altar of Trog.
  2764 | D:3      | Found a radiant altar of Vehumet.
  2767 | D:3      | Found an ancient bone altar of Kikubaaqudgha.
  3271 | D:4      | Noticed Edmund
  3306 | D:4      | Reached XP level 6. HP: 44/44 MP: 16/16
  3551 | D:3      | Became a worshipper of Vehumet
  3673 | D:4      | Killed Edmund
  3673 | D:4      | Reached skill level 5 in Dodging
  3903 | D:4      | Noticed Menkaure
  4032 | D:5      | Entered Level 5 of the Dungeon
  4045 | D:5      | Reached XP level 7. HP: 44/50 MP: 18/18
  4142 | D:5      | Noticed marriedatthemol's ghost (novice MiBe)
  4285 | D:5      | Noticed Sigmund
  4566 | D:5      | Killed Sigmund
  4566 | D:5      | Reached skill level 5 in Stealth
  4830 | D:5      | Reached XP level 8. HP: 57/57 MP: 19/19
  5046 | D:5      | Reached * piety under Vehumet
  5046 | D:5      | Offered knowledge of Shock by Vehumet.
  5188 | D:5      | Got a slimy golden ring
  5194 | D:5      | Identified the cursed ring of Icechir {*Slow rC+ EV-5 Str+3 SInv} (You found it on level 5 of the Dungeon)
  5220 | D:5      | Found an iron altar of Okawaru.
  5220 | D:5      | Found a shimmering altar of Xom.
  5441 | D:5      | Killed marriedatthemol's ghost
  5963 | D:6      | Found a staircase to the Ecumenical Temple.
  6001 | D:6      | Reached XP level 9. HP: 57/65 MP: 20/21
  6145 | D:4      | Killed Menkaure
  6639 | D:6      | Learned a level 1 spell: Shock
  6689 | D:6      | Gained mutation: You evolve. [mutagenic meat]
  6690 | D:6      | Gained mutation: You possess an exceptional clarity of mind. [mutagenic meat]
  6691 | D:6      | Gained mutation: You are clumsy. (Dex -2) [mutagenic meat]
  6692 | D:6      | Gained mutation: Your movements are slightly less encumbered by armour. (ER -2) [mutagenic meat]
  6693 | D:6      | Gained mutation: Armour fits poorly on your strangely shaped body. [mutagenic meat]
  6694 | D:6      | Gained mutation: You are partially covered in slimy green scales. (AC +2) [mutagenic meat]
  7208 | D:6      | Found Ziukluh's Magic Scroll Boutique.
  7357 | D:6      | Offered knowledge of Sting by Vehumet.
  7436 | D:6      | Found an opulent altar of Gozag.
  7478 | D:6      | Reached ** piety under Vehumet
  7986 | D:7      | Learned a level 3 spell: Confuse
  8324 | D:7      | Reached skill level 5 in Invocations
  8756 | D:7      | Gained mutation: You have supernaturally acute eyesight. (SInv) [evolution]
  8847 | D:8      | Noticed a hornet
  8934 | D:8      | Noticed a hornet
  8975 | D:8      | Killed a hornet
  8975 | D:8      | Reached XP level 10. HP: 72/73 MP: 10/22
  9163 | D:8      | Noticed a two-headed ogre
  9316 | D:8      | Found Xoac's Antique Weapon Boutique.
  9602 | D:8      | Reached skill level 5 in Fighting
  9602 | D:8      | Reached skill level 5 in Short Blades
  9602 | D:8      | Reached skill level 5 in Long Blades
  9602 | D:8      | Reached skill level 5 in Axes
  9602 | D:8      | Reached skill level 5 in Maces & Flails
  9602 | D:8      | Reached skill level 5 in Polearms
  9602 | D:8      | Reached skill level 5 in Staves
  9602 | D:8      | Reached skill level 5 in Slings
  9602 | D:8      | Reached skill level 5 in Bows
  9602 | D:8      | Reached skill level 5 in Crossbows
  9602 | D:8      | Reached skill level 5 in Throwing
  9602 | D:8      | Reached skill level 5 in Armour
  9602 | D:8      | Reached skill level 5 in Shields
  9602 | D:8      | Reached skill level 5 in Unarmed Combat
  9602 | D:8      | Reached skill level 5 in Evocations
  9808 | D:8      | Killed a two-headed ogre
 10686 | D:9      | Offered knowledge of Stone Arrow by Vehumet.
 10691 | D:9      | Learned a level 3 spell: Stone Arrow
 10774 | D:9      | Noticed a two-headed ogre
 10810 | D:9      | Killed a two-headed ogre
 10810 | D:9      | Reached skill level 5 in Conjurations
 10810 | D:9      | Reached skill level 5 in Summonings
 10810 | D:9      | Reached skill level 5 in Translocations
 11003 | D:9      | Found a staircase to the Orcish Mines.
 11245 | D:9      | Reached *** piety under Vehumet
 11273 | D:9      | Gained mutation: You can translocate small distances at will. [evolution]
 11528 | D:9      | Reached XP level 11. HP: 81/81 MP: 24/24
 11912 | D:10     | Entered Level 10 of the Dungeon
 12409 | D:10     | Offered knowledge of Static Discharge by Vehumet.
 12422 | D:10     | Found Jusef's Antique Armour Shoppe.
 12506 | D:10     | Found Ytudgh's Assorted Antiques.
 12533 | D:10     | Bought a ruby potion for 24 gold pieces
 12533 | D:10     | Bought a scroll labeled WUOMID YLUIM for 27 gold pieces
 12533 | D:10     | Bought an amethyst potion for 24 gold pieces
 12890 | D:10     | Found Quashrou's Jewellery Shop.
 12894 | D:10     | Found Jutwigho's General Store.
 12913 | D:10     | Reached skill level 5 in Hexes
 12913 | D:10     | Reached skill level 5 in Charms
 12913 | D:10     | Reached skill level 5 in Necromancy
 12913 | D:10     | Reached skill level 5 in Transmutations
 12913 | D:10     | Reached skill level 5 in Fire Magic
 12913 | D:10     | Reached skill level 5 in Ice Magic
 12913 | D:10     | Reached skill level 5 in Air Magic
 12913 | D:10     | Reached skill level 5 in Earth Magic
 12913 | D:10     | Reached skill level 5 in Poison Magic
 13105 | D:10     | Gained mutation: Your flesh is heat resistant. (rF+) [mutagenic meat]
 13106 | D:10     | Lost mutation: You are clumsy. (Dex -2) [mutagenic meat]
 13107 | D:10     | Lost mutation: Your movements are slightly less encumbered by armour. (ER -2) [mutagenic meat]
 13108 | D:10     | Lost mutation: You can translocate small distances at will. [mutagenic meat]
 13141 | D:10     | Noticed a two-headed ogre
 13154 | D:10     | Killed a two-headed ogre
 13285 | D:10     | Found Kecvozet's Gadget Emporium.
 13305 | D:10     | Found a staircase to the Lair.
 13549 | Lair:1   | Entered Level 1 of the Lair of Beasts
 14110 | Lair:1   | Reached **** piety under Vehumet
 14614 | Lair:1   | Offered knowledge of Ignite Poison by Vehumet.
 14654 | Lair:1   | Reached XP level 12. HP: 58/89 MP: 16/25
 15025 | Lair:1   | Got a distressingly furry cloak
 15031 | Lair:1   | Identified the +0 cloak of Foolhardiness {Str+3 Dex+3} (You found it on level 1 of the Lair of Beasts)
 15498 | Lair:2   | Found a labyrinth entrance.
 15511 | Lab      | Entered a labyrinth
 15814 | Lab      | Gained mutation: Your system is resistant to poisons. (rPois) [evolution]
 16125 | Lab      | Noticed a minotaur
 16132 | Lab      | Killed a minotaur
 16132 | Lab      | Reached skill level 10 in Spellcasting
 17495 | Lair:3   | Found a dark tunnel.
 17556 | Volcano  | Entered a volcano
 17721 | Volcano  | Noticed a two-headed ogre
 17727 | Volcano  | Killed a two-headed ogre
 17804 | Volcano  | Learned a level 3 spell: Tukima's Dance
 17804 | Volcano  | Found a bloodstained altar of Trog.
 17804 | Volcano  | Noticed an ogre mage
 17804 | Volcano  | Noticed a two-headed ogre
 17804 | Volcano  | Noticed a two-headed ogre
 17816 | Volcano  | Killed a two-headed ogre
 17829 | Volcano  | Noticed a two-headed ogre
 17847 | Volcano  | Killed a two-headed ogre
 17852 | Volcano  | Killed a two-headed ogre
 17852 | Volcano  | Killed an ogre mage
 17858 | Volcano  | Lost mutation: You possess an exceptional clarity of mind. [evolution]
 18245 | Volcano  | Reached XP level 13. HP: 98/98 MP: 19/27
 18680 | Lair:3   | Noticed Rupert
 18680 | Lair:3   | Learned a level 5 spell: Iskenderun's Battlesphere
 18695 | Lair:3   | Killed Rupert
 19023 | Lair:3   | Found a staircase to the Snake Pit.
 19149 | Lair:3   | Reached ***** piety under Vehumet
 19165 | Lair:3   | Offered knowledge of Lightning Bolt by Vehumet.
 19172 | Lair:3   | Learned a level 5 spell: Lightning Bolt
 21148 | Lair:4   | Found a staircase to the Swamp.
 22988 | Lair:6   | Entered Level 6 of the Lair of Beasts
 23219 | Lair:6   | Offered knowledge of Conjure Ball Lightning by Vehumet.
 23677 | Lair:6   | Got an ancient steel ring
 23688 | Lair:6   | Identified the ring of Wogeilen {rC+ MP+9 Str+5 SInv} (You found it on level 6 of the Lair of Beasts)
 24268 | Lair:5   | Reached XP level 14. HP: 89/106 MP: 18/29
 25078 | Lair:6   | Reached skill level 10 in Dodging
 25199 | Lair:6   | Gained mutation: Your movements are slightly less encumbered by armour. (ER -2) [evolution]
 25354 | Lair:6   | Offered knowledge of Lee's Rapid Deconstruction by Vehumet.
 25788 | Lair:6   | Reached skill level 10 in Stealth
 26067 | Lair:6   | Found a viscous altar of Jiyva.
 26067 | Lair:6   | Found a staircase to the Slime Pits.
 26523 | Lair:6   | Reached skill level 10 in Invocations
 27203 | Lair:6   | Found the +7 lajatang of Order {silver, rMut}
 27218 | Lair:6   | Identified the Volume of Fiery Envenoming
 27223 | Lair:6   | Got a crude silver amulet
 27224 | Lair:6   | Identified the amulet "Yxzis" {rF- Regen+ Str+6} (You found it on level 6 of the Lair of Beasts)
 27554 | D:11     | Found Wel Walub's Antique Armour Shoppe.
 27582 | D:11     | Found a frozen archway.
 27607 | IceCv    | Entered an ice cave
 27607 | IceCv    | Noticed doyalikewaff's ghost (journeyman MiBe)
 27618 | IceCv    | Killed doyalikewaff's ghost
 28248 | IceCv    | Offered knowledge of Fireball by Vehumet.
 28384 | IceCv    | Learned a level 5 spell: Fireball
 28468 | IceCv    | Noticed a reaper
 28487 | IceCv    | Killed a reaper
 28690 | IceCv    | Got warped ice dragon scales
 28735 | IceCv    | Identified the +1 ice dragon scales of Uskayaw's Envy {rF- rC++ Int+3} (You found it in an ice cave)
 28987 | D:11     | Found a runed door.
 28987 | D:11     | Found the +10 large shield of Ignorance {rN+ Int-4}
 29239 | D:11     | Found a runed door.
 29571 | D:11     | Reached XP level 15. HP: 100/114 MP: 30/30
 29672 | D:11     | Noticed Josephine
 29699 | D:11     | Killed Josephine
 31376 | D:13     | Offered knowledge of Bolt of Fire by Vehumet.
 32046 | D:14     | Found a gate to the Vaults.
 32073 | D:14     | Reached skill level 10 in Fighting
 32073 | D:14     | Reached skill level 10 in Short Blades
 32073 | D:14     | Reached skill level 10 in Long Blades
 32073 | D:14     | Reached skill level 10 in Axes
 32073 | D:14     | Reached skill level 10 in Maces & Flails
 32073 | D:14     | Reached skill level 10 in Polearms
 32073 | D:14     | Reached skill level 10 in Staves
 32073 | D:14     | Reached skill level 10 in Slings
 32073 | D:14     | Reached skill level 10 in Bows
 32073 | D:14     | Reached skill level 10 in Crossbows
 32073 | D:14     | Reached skill level 10 in Throwing
 32073 | D:14     | Reached skill level 10 in Armour
 32073 | D:14     | Reached skill level 10 in Shields
 32073 | D:14     | Reached skill level 10 in Unarmed Combat
 32073 | D:14     | Reached skill level 10 in Evocations
 32087 | D:14     | Got a dazzling long sword
 32253 | D:10     | Identified the +3 long sword "Adapiock" {venom, *Rage rPois rN+ Dex+2} (You found it on level 14 of the Dungeon)
 32337 | Orc:1    | Entered Level 1 of the Orcish Mines
 32470 | Orc:1    | Noticed Erica
 32474 | Orc:1    | Killed Erica
 32543 | Orc:2    | Entered Level 2 of the Orcish Mines
 32883 | Orc:2    | Found a staircase to the Elven Halls.
 33370 | Orc:2    | Found Uxengil's Jewellery Shop.
 33392 | Orc:2    | Found Diose's Food Shop.
 33504 | Orc:1    | Noticed Maurice
 33663 | Orc:1    | Noticed an orc warlord
 33676 | Orc:2    | Killed Maurice
 33746 | Orc:1    | Killed an orc warlord
 34336 | Orc:2    | Found Cuter Buh's General Store.
 34851 | Orc:2    | Noticed an orc warlord
 35103 | Orc:2    | Killed an orc warlord
 35443 | Orc:2    | Reached XP level 16. HP: 112/123 MP: 23/32
 35623 | Orc:2    | Found a gateway to a bazaar.
 35680 | Orc:2    | Found Oddiugur's Antique Armour Boutique.
 35680 | Orc:2    | Found Guam's Antique Weapon Shop.
 35681 | Orc:2    | Found Tuafus's General Store.
 35681 | Orc:2    | Found Peogiuli's Jewellery Boutique.
 35686 | Orc:2    | Bought a cursed amulet of inaccuracy for 26 gold pieces
 35698 | Orc:2    | Bought a pair of embroidered boots for 217 gold pieces
 36038 | Orc:2    | Found Niyficwi's Antique Weapon Boutique.
 36375 | D:14     | Found a deep blue altar of Sif Muna.
 36563 | D:14     | Offered knowledge of Ozocubu's Refrigeration by Vehumet.
 36573 | D:14     | Found Kutunoit's Assorted Antiques.
 36749 | D:14     | Found a shadowy altar of Dithmenos.
 36833 | D:15     | Entered Level 15 of the Dungeon
 37524 | D:15     | Noticed Agnes
 37533 | D:15     | Killed Agnes
 37972 | D:15     | Found a staircase to the Depths.
 38177 | D:15     | Reached ****** piety under Vehumet
 38827 | Swamp:1  | Entered Level 1 of the Swamp
 39685 | Swamp:1  | Found an ornate altar of the Wu Jian Council.
 40149 | Swamp:2  | Noticed a thorn hunter
 40322 | Swamp:2  | Killed a thorn hunter
 40984 | Swamp:2  | Offered knowledge of Bolt of Cold by Vehumet.
 41912 | Swamp:3  | Noticed Mara
 41914 | Swamp:3  | Noticed Hector's illusion
 42505 | Swamp:4  | Entered Level 4 of the Swamp
 43207 | Snake:1  | Entered Level 1 of the Snake Pit
 43481 | Snake:1  | Reached XP level 17. HP: 119/131 MP: 26/33
 43634 | Snake:1  | Got an iridescent trident
 43636 | Snake:1  | Identified the +8 trident "Zivaa" {vamp, rF+} (You found it on level 1 of the Snake Pit)
 46028 | D:10     | Got a crude cloak
 46039 | D:10     | Identified the +0 cloak of Dishonesty {*Drain +Inv Str+3} (You acquired it on level 10 of the Dungeon)
 46369 | Snake:3  | Found Ufrezid's Assorted Antiques.
 46389 | Snake:3  | Bought a scroll labeled CYOV RASEFOYD for 29 gold pieces
 46389 | Snake:3  | Bought a scroll labeled CYOV RASEFOYD for 29 gold pieces
 47327 | Snake:4  | Entered Level 4 of the Snake Pit
 48093 | Snake:3  | Reached skill level 10 in Conjurations
 48093 | Snake:3  | Reached skill level 10 in Summonings
 48093 | Snake:3  | Reached skill level 10 in Translocations
 49432 | D:11     | Bought a shimmering shield for 266 gold pieces
 49432 | D:11     | Identified the cursed +0 shield of Inviolability {rPois} (You bought it in a shop on level 11 of the Dungeon)
 49634 | Snake:4  | Got a heavily runed pewter ring
 49655 | Snake:3  | Identified the ring of Zilig {+Fly rF+ Stlth-} (You took it off a naga mage on level 4 of the Snake Pit)
 50148 | Snake:4  | Offered knowledge of Lehudib's Crystal Spear by Vehumet.
 50148 | Snake:4  | Offered knowledge of Fire Storm by Vehumet.
 50148 | Snake:4  | Offered knowledge of Chain Lightning by Vehumet.
 50657 | Snake:3  | Gained mutation: You expend magic power (3 MP) to strengthen your wands. [evolution]
 50787 | Snake:4  | Reached skill level 10 in Hexes
 50787 | Snake:4  | Reached skill level 10 in Charms
 50787 | Snake:4  | Reached skill level 10 in Necromancy
 50787 | Snake:4  | Reached skill level 10 in Transmutations
 50787 | Snake:4  | Reached skill level 10 in Fire Magic
 50787 | Snake:4  | Reached skill level 10 in Ice Magic
 50787 | Snake:4  | Reached skill level 10 in Air Magic
 50787 | Snake:4  | Reached skill level 10 in Earth Magic
 50787 | Snake:4  | Reached skill level 10 in Poison Magic
 51131 | Snake:4  | Got a crystal arbalest {velocity}
 51139 | Snake:4  | Identified the +8 arbalest of Havoc {velocity, rElec} (You took it off a naga sharpshooter on level 4 of the Snake Pit)
 51207 | Snake:4  | Reached XP level 18. HP: 139/139 MP: 35/35
 52721 | Snake:4  | Found Hacsymerch's Gadget Shoppe.
 52723 | Snake:4  | Found Ruwnelepru's Jewellery Boutique.
 52724 | Snake:4  | Found Zexij's Gadget Shoppe.
 52921 | Snake:4  | Found Qiezirub's Food Shoppe.
 53957 | Snake:4  | Noticed Aizul
 53979 | Snake:4  | Killed Aizul
 53998 | Snake:4  | Gained mutation: You tend to lose your temper in combat. [evolution]
 54450 | Snake:4  | Got a serpentine rune of Zot
 54984 | D:10     | Learned a level 6 spell: Freezing Cloud
 55106 | Vaults:1 | Entered Level 1 of the Vaults
 56617 | Vaults:1 | Reached XP level 19. HP: 125/147 MP: 27/36
 57911 | Vaults:1 | You fall through a shaft!
 59257 | Vaults:1 | HP: 1/148 [storm dragon/bolt of lightning (26)]
 60004 | D:8      | Bought a runed war axe for 201 gold pieces
 62370 | Vaults:2 | Reached XP level 20. HP: 155/155 MP: 30/38
 62417 | Vaults:2 | Cast into level 3 of the Abyss (a deep elf sorcerer)
 62417 | Abyss:3  | Found a corrupted altar of Lugonu.
 62490 | Abyss:3  | HP: 5/156 [raiju (7)]
 62494 | Abyss:3  | Mangled by a spatial maelstrom

Vault maps used:
D:1:      minmay_arrival_radiant_lines
D:2:      tso_oasis_becter, minmay_heptomino_d4
D:3:      nicolae_overflow_hidden_temple, first_bread
D:4:      uniq_edmund, uniq_menkaure
D:5:      gammafunk_temple_overflow_wave, hangedman_decor_growths, uniq_sigmund
D:6:      minmay_temple_entry_grid, serial_shops, shop, grunt_gozag_statues
D:8:      serial_shops, shop_coins, hangedman_pestilent_swarm
D:9:      david_orc_3
D:10:     minmay_lair_entry_lava, serial_shops, kennysheep_mini_moat, shop,
          nicolae_shop_temple_entry_statues_fountains, nicolae_shop_trees,
          nicolae_shop_behind_doors
D:11:     portal_ice_cave_rime, serial_shops, nicolae_shop_overgrown_old_shop,
          chequers_guarded_unrand_ignorance, uniq_josephine
D:14:     erik_vaults_2, serial_shops, shop, grunt_dithmenos_shadows,
          basic_altar, serial_park_tiny_pond, hangedman_decor_push
D:15:     grunt_enter_depths_snipers, hangedman_decor_clover_reticule,
          minmay_tree_intersection, minivault_1, uniq_agnes
Lair:1:   beast_lair_carwin_1, lemuel_fruit_tree, grunt_megastairs_2
Lair:2:   lab_entry_generic
Lair:3:   lemuel_ratsnest, guppyfry_snake_entry_island,
          nicolae_volcano_entry_batcave, uniq_rupert
Lair:4:   minmay_swamp_entry_reptiles, serial_bayou, serial_bayou_pond_a,
          serial_bayou_lake_a, serial_bayou_lagoon_a, serial_bayou_pond_c,
          fungi_pond_lemuel, lemuel_old_faithful
Lair:6:   gammafunk_lair_ancient_temple, slime_altar_1, special_room,
          st_stairs_11, grunt_forest_large_clearings
Swamp:1:  evilmike_swamp_ruin_house_2, swamp_pool1, nicolae_swamp_godswood
Swamp:2:  evilmike_swamp_ruin_rubble_2
Swamp:3:  serial_swamp_ruin, evilmike_swamp_ruin_house_1,
          evilmike_swamp_ruin_rubble_1, evilmike_swamp_ruin_house_6, uniq_mara
Swamp:4:  grunt_swamp_rune_castle
Snake:2:  stair_cage_line
Snake:3:  serial_shops, shop, grunt_megastairs_3
Snake:4:  snake_pit_salamanders_mu, serial_shops, shop, spider_trap,
          minmay_shop_grove, uniq_aizul
Orc:1:    nicolae_orc_lava_room, uniq_maurice, uniq_erica
Orc:2:    st_orc_congregation, serial_shops, bzr_entry_islet,
          nicolae_shop_waterfront, shop, nicolae_shop_crystal,
          nicolae_shop_statue_plus
Vaults:1: vaults_room_hallway, ontoclasm_vaults_bender, hangedman_vaults_locks,
          hangedman_vaults_slice, serial_ice_g,
          dpeg_vaults_pockets_of_resistance, v_misc_22, v_misc_19,
          nicolae_vaults_gold_heap
Vaults:2: v_misc_22, v_misc_25, dpeg_vaults_monster_box,
          ontoclasm_vaults_decontamination, vaults_room_guarded_vault,
          v_misc_23, serial_ice_m, ontoclasm_vaults_chip,
          vaults_room_semicircle, vaults_room_pools, vaults_room_pool,
          vaults_room_fours
Abyss:3:  evilmike_abyss_exit_2, gammafunk_corrupted_shrine,
          hangedman_relentless_pull
Lab:      labyrinth_watery, nicolae_lab_quarters, nicolae_lab_diamond,
          nicolae_lab_hexagon, nicolae_lab_garden
IceCv:    ice_cave_small_demon
Volcano:  volcano_grotto

Skill      XL: |  1  2  3  4  5  6  7  8  9 10 11 12 13 14 15 16 17 18 19 20 |
---------------+-------------------------------------------------------------+-----
Conjurations   | 2 3 4 5 6 7 8 9 10 11 | 11.3
Summonings     | 2 3 4 5 6 7 8 9 10 11 | 11.3
Translocations | 2 3 4 5 6 7 8 9 10 11 | 11.3
Invocations    | 1 2 3 4 5 6 7 8 9 10 11 12 13 14 | 14.0
Fighting       | 1 2 3 4 5 6 7 8 9 10 11 12 13 | 13.0
Short Blades   | 1 2 3 4 5 6 7 8 9 10 11 12 13 | 13.0
Long Blades    | 1 2 3 4 5 6 7 8 9 10 11 12 13 | 13.0
Axes           | 1 2 3 4 5 6 7 8 9 10 11 12 13 | 13.0
Maces & Flails | 1 2 3 4 5 6 7 8 9 10 11 12 13 | 13.0
Polearms       | 1 2 3 4 5 6 7 8 9 10 11 12 13 | 13.0
Staves         | 1 2 3 4 5 6 7 8 9 10 11 12 13 | 13.0
Slings         | 1 2 3 4 5 6 7 8 9 10 11 12 13 | 13.0
Bows           | 1 2 3 4 5 6 7 8 9 10 11 12 13 | 13.0
Crossbows      | 1 2 3 4 5 6 7 8 9 10 11 12 13 | 13.0
Throwing       | 1 2 3 4 5 6 7 8 9 10 11 12 13 | 13.0
Armour         | 1 2 3 4 5 6 7 8 9 10 11 12 13 | 13.0
Shields        | 1 2 3 4 5 6 7 8 9 10 11 12 13 | 13.0
Unarmed Combat | 1 2 3 4 5 6 7 8 9 10 11 12 13 | 13.0
Evocations     | 1 2 3 4 5 6 7 8 9 10 11 12 13 | 13.0
Hexes          | 1 2 3 4 5 6 7 8 9 10 11 | 11.1
Charms         | 1 2 3 4 5 6 7 8 9 10 11 | 11.1
Necromancy     | 1 2 3 4 5 6 7 8 9 10 11 | 11.1
Transmutations | 1 2 3 4 5 6 7 8 9 10 11 | 11.1
Fire Magic     | 1 2 3 4 5 6 7 8 9 10 11 | 11.1
Ice Magic      | 1 2 3 4 5 6 7 8 9 10 11 | 11.1
Air Magic      | 1 2 3 4 5 6 7 8 9 10 11 | 11.1
Earth Magic    | 1 2 3 4 5 6 7 8 9 10 11 | 11.1
Poison Magic   | 1 2 3 4 5 6 7 8 9 10 11 | 11.1
Dodging        | 5 6 7 8 9 10 11 12 13 | 13.6
Stealth        | 5 6 7 8 9 10 11 12 13 | 13.5
Spellcasting   | 8 9 10 11 12 13 14 | 14.4

Action                   |  1- 3 |  4- 6 |  7- 9 | 10-12 | 13-15 | 16-18 | 19-21 || total
-------------------------+-------+-------+-------+-------+-------+-------+-------++-------
Melee: Spear             |    12 |    25 |    62 |     1 |    41 |       |       ||   141
       Bite              |       |     2 |     7 |    32 |    65 |    93 |    65 ||   264
       Dagger            |       |       |     3 |   189 |     1 |       |       ||   193
       Punch             |       |       |     2 |     4 |     4 |       |       ||    10
       Staff             |       |       |       |     9 |       |       |       ||     9
       Lajatang          |       |       |       |       |   229 |    23 |       ||   252
       Scimitar          |       |       |       |       |    47 |    72 |     9 ||   128
       Trident           |       |       |       |       |       |   541 |   180 ||   721
       War axe           |       |       |       |       |       |       |   132 ||   132
 Cast: Magic Dart        |    68 |   132 |   277 |   372 |       |       |       ||   849
       Conjure Flame     |     3 |     6 |    14 |    20 |     9 |    10 |     5 ||    67
       Call Imp          |     2 |     2 |    13 |     5 |     4 |     7 |       ||    33
       Mephitic Cloud    |       |     1 |    15 |    37 |    24 |     8 |     5 ||    90
       Blink             |       |       |     7 |     5 |     2 |    10 |     2 ||    26
       Stone Arrow       |       |       |       |   205 |   848 |   540 |   130 ||  1723
       Confuse           |       |       |       |     5 |    35 |    32 |     4 ||    76
       Shock             |       |       |       |     1 |     8 |     1 |       ||    10
       Tukima's Dance    |       |       |       |     2 |     4 |    37 |       ||    43
       Iskenderun's Batt |       |       |       |       |    29 |    14 |       ||    43
       Lightning Bolt    |       |       |       |       |    38 |   121 |    39 ||   198
       Fireball          |       |       |       |       |    10 |   210 |    49 ||   269
       Freezing Cloud    |       |       |       |       |       |    17 |    27 ||    44
Evoke: Wand              |       |       |       |       |       |       |     1 ||     1
  Use: Scroll            |       |       |    10 |     5 |    11 |    15 |     3 ||    44
       Potion            |       |       |       |       |    10 |       |     4 ||    14
 Stab: Confused          |       |       |     3 |    11 |    14 |    22 |     1 ||    51
       Sleeping          |       |       |     1 |     2 |     1 |       |     1 ||     5
       Distracted        |       |       |       |       |       |     2 |       ||     2
  Eat: Chunk             |     1 |     8 |    21 |    26 |    52 |    95 |    36 ||   239
       Buggy jelly       |       |       |       |     1 |     3 |     2 |       ||     6
       Buggy ration      |       |       |       |     1 |     1 |       |       ||     2
       Ration            |       |       |       |       |       |     2 |       ||     2
Armor: Robe              |     3 |     5 |     5 |       |       |       |       ||    13
       Leather armour    |       |       |     5 |    35 |     4 |       |       ||    44
       Troll leather arm |       |       |       |    28 |    85 |       |       ||   113
       Plate armour      |       |       |       |       |   150 |   217 |       ||   367
       Ice dragon scales |       |       |       |       |       |    21 |    79 ||   100
Dodge: Dodged            |    15 |    16 |    80 |   209 |   563 |   348 |   175 ||  1406
Block: Buckler           |       |       |       |       |     3 |       |       ||     3
       Shield            |       |       |       |       |       |   438 |   236 ||   674
       Rpst.: Scimitar   |       |       |       |       |    21 |    10 |     2 ||    33

Table legend:
 A = Spawn XP
 B = Non-spawn XP
 C = Spawn XP percentage of total XP
 D = Spawn monster count
 E = Non-spawn monster count
 F = Spawn count percentage of total count
 G = Total turns spent on level
                    A         B        C        D         E        F      G
               +---------+---------+-------+---------+---------+-------+---------
         Total |    5147 |  401308 |   1.3 |      13 |    1296 |   1.0 | 62494
               +---------+---------+-------+---------+---------+-------+---------
           D:1 |       0 |      34 |   0.0 |       0 |      20 |   0.0 |   899
           D:2 |       0 |     108 |   0.0 |       0 |      35 |   0.0 |  1200
           D:3 |       0 |     139 |   0.0 |       0 |      22 |   0.0 |  1036
           D:4 |       0 |     642 |   0.0 |       0 |      15 |   0.0 |  1754
           D:5 |       0 |    1453 |   0.0 |       0 |      22 |   0.0 |  1644
           D:6 |       0 |    1254 |   0.0 |       0 |      31 |   0.0 |  1358
           D:7 |       0 |     745 |   0.0 |       0 |      10 |   0.0 |  1123
           D:8 |       0 |    2706 |   0.0 |       0 |      31 |   0.0 |  1727
           D:9 |       0 |    2749 |   0.0 |       0 |      33 |   0.0 |  1749
          D:10 |       0 |    4979 |   0.0 |       0 |      29 |   0.0 |  2724
          D:11 |       0 |    6375 |   0.0 |       0 |      27 |   0.0 |  1221
          D:12 |       0 |    3901 |   0.0 |       0 |      24 |   0.0 |  1099
          D:13 |       0 |    4755 |   0.0 |       0 |      45 |   0.0 |   928
          D:14 |       0 |   23134 |   0.0 |       0 |      48 |   0.0 |  1905
          D:15 |       0 |   13300 |   0.0 |       0 |      35 |   0.0 |  1614
        Lair:1 |       0 |    5676 |   0.0 |       0 |      30 |   0.0 |  2086
        Lair:2 |       0 |    2460 |   0.0 |       0 |      15 |   0.0 |  1327
        Lair:3 |       0 |    7545 |   0.0 |       0 |      63 |   0.0 |  2689
        Lair:4 |       0 |    4773 |   0.0 |       0 |      30 |   0.0 |  1347
        Lair:5 |       0 |    5663 |   0.0 |       0 |      22 |   0.0 |  2479
        Lair:6 |       0 |   25821 |   0.0 |       0 |      88 |   0.0 |  2990
       Swamp:1 |       0 |    7450 |   0.0 |       0 |      23 |   0.0 |  1215
       Swamp:2 |       0 |   10510 |   0.0 |       0 |      26 |   0.0 |  1580
       Swamp:3 |       0 |   12071 |   0.0 |       0 |      27 |   0.0 |   973
       Swamp:4 |       0 |     160 |   0.0 |       0 |       1 |   0.0 |   189
       Snake:1 |       0 |    9162 |   0.0 |       0 |      22 |   0.0 |  1246
       Snake:2 |       0 |    8222 |   0.0 |       0 |      16 |   0.0 |  1480
       Snake:3 |       0 |   22982 |   0.0 |       0 |      40 |   0.0 |  3846
       Snake:4 |       0 |   62179 |   0.0 |       0 |     103 |   0.0 |  4355
         Orc:1 |       0 |    7305 |   0.0 |       0 |      21 |   0.0 |  1501
         Orc:2 |       0 |   14558 |   0.0 |       0 |     109 |   0.0 |  2355
      Vaults:1 |       0 |   86142 |   0.0 |       0 |     134 |   0.0 |  5025
      Vaults:2 |       0 |   26005 |   0.0 |       0 |      50 |   0.0 |   895
       Abyss:3 |    5147 |     595 |  89.6 |      13 |       1 |  92.9 |    77
           Lab |       0 |    1810 |   0.0 |       0 |       5 |   0.0 |   721
         IceCv |       0 |    6672 |   0.0 |       0 |      24 |   0.0 |  1191
       Volcano |       0 |    7273 |   0.0 |       0 |      19 |   0.0 |   946
               +---------+---------+-------+---------+---------+-------+---------
